 Dungeon Crawl Stone Soup version 0.21.1-1-g345015fe64 (webtiles) character file.

213 IceCat the Shield-Bearer (level 5, -1/33 HPs)
             Began as a Gargoyle Fighter on July 27, 2018.
             Slain by a leopard gecko (2 damage)
             ... on level 3 of the Dungeon.
             The game lasted 00:06:50 (1667 turns).

IceCat the Shield-Bearer (Gargoyle Fighter)         Turns: 1667, Time: 00:06:50

Health: -1/33      AC: 14    Str: 20    XL:     5   Next: 90%
Magic:  5/5        EV:  8    Int:  9    God:
Gold:   99         SH:  9    Dex:  9    Spells: 4/4 levels left

rFire    . . .     SeeInvis .   a - +0 long sword
rCold    . . .     Gourm    .   c - +0 shield
rNeg     + . .     Faith    .   b - +0 scale mail
rPois    ∞         Spirit   .   (no helmet)
rElec    +         Reflect  .   k - +0 cloak
rCorr    .         Harm     .   (no gloves)
MR       .....                  u - +1 pair of boots
Stlth    ..........             (no amulet)
HPRegen  0.11/turn              (no ring)
MPRegen  0.09/turn              (no ring)

@: no status effects
A: negative energy resistance 1, electricity resistance, unbreathing,
petrification resistance, rot immunity, AC +4
a: no special abilities


You were on level 3 of the Dungeon.
You were not hungry.

You visited 1 branch of the dungeon, and saw 3 of its levels.

You collected 99 gold pieces.

Inventory:

Hand Weapons
 a - a +0 long sword (weapon)
Armour
 b - a +0 scale mail (worn)
 c - a +0 shield (worn)
 k - a +0 cloak (worn)
 u - a +1 pair of boots (worn)
Scrolls
 e - a scroll of teleportation {unknown}
 i - 3 scrolls of identify {unknown}
 m - a scroll of fog {unknown}
 q - a scroll of magic mapping {unknown}
 s - a scroll of noise {unknown}
 t - a scroll of enchant weapon {unknown}
Potions
 d - a potion of might
 g - 2 potions of haste {unknown}
 h - 2 potions of heal wounds {unknown}
 j - a potion of ambrosia {unknown}
 l - a potion of magic {unknown}
 n - a potion of flight {unknown}
 p - a potion of resistance {unknown}
 v - a potion of degeneration {unknown}
Books
 r - a book of Cantrips

   Spells                             Type                      Level
   a - Confusing Touch                Hexes                        1
   b - Animate Skeleton               Necromancy                   1
   c - Summon Small Mammal            Summoning                    1
   d - Apportation                    Translocation                1
Comestibles
 f - 6 rations
 o - 3 chunks of flesh


   Skills:
 + Level 3.9 Fighting
 + Level 3.2 Long Blades
 + Level 4.2 Armour
 + Level 1.2 Dodging
 + Level 4.5 Shields


You had 4 spell levels left.
You didn't know any spells.

Dungeon Overview and Level Annotations

Branches:
Dungeon (3/15)

Altars:
Gozag


Innate Abilities, Weirdness & Mutations

You are resistant to torment.
Your stone body is resilient. (AC +4)
You are immune to poison.
You resist negative energy. (rN+)
You are resistant to electric shocks. (rElec)
You can survive without breathing.
You are immune to petrification.
You are immune to rotting.


Message History

The gnoll hits you with a halberd.
You closely miss the gnoll.
The gnoll is lightly wounded.
You block the leopard gecko's attack. You block the gnoll's attack.
The leopard gecko closely misses you.
You hit the gnoll.
The gnoll is moderately wounded.
You block the leopard gecko's attack. The gnoll hits you but does no damage.
You hit the gnoll but do no damage.
The gnoll is moderately wounded.
The leopard gecko bites you but does no damage.
The gnoll hits you but does no damage. You block the leopard gecko's attack.
You hit the gnoll.
The gnoll is heavily wounded.
The leopard gecko barely misses you.
You riposte.
Your scale mail prevents you from hitting the leopard gecko.
The gnoll hits you with a halberd!
* * * LOW HITPOINT WARNING * * *
The leopard gecko bites you.
You die...

#......# .# #......# #.#
#......# #
#.###......######
#.#....(...'.....
###+###.#.#......##....
#.......#.########.....
.##...............##.....
<.....g.@.........##.....
###....l)..)......##...##
#..###..........####.##
#. #..........+....## ..
#...?......# ##... ..
#$....####.......## #
#.##### ####### #. #.


You could see a gnoll and a leopard gecko.

Vanquished Creatures
  2 orc priests (D:3)
  3 adders
  5 gnolls
  A worm (D:2)
  3 dart slugs
  A leopard gecko (D:2)
  2 orcs (D:3)
  3 ball pythons
  2 giant cockroaches
  7 goblins
  13 hobgoblins
  2 jackals (D:2)
  14 bats
  A frilled lizard (D:1)
  6 kobolds
  7 rats
72 creatures vanquished.

Notes
Turn   | Place    | Note
-------+----------+-------------------------------------------
     0 | D:1      | IceCat the Gargoyle Fighter began the quest for the Orb.
     0 | D:1      | Reached XP level 1. HP: 14/14 MP: 1/1
   100 | D:1      | Reached XP level 2. HP: 19/19 MP: 2/2
   312 | D:1      | Reached XP level 3. HP: 22/23 MP: 3/3
   702 | D:2      | Found an opulent altar of Gozag.
   757 | D:2      | Reached XP level 4. HP: 28/28 MP: 4/4
  1281 | D:3      | Reached skill level 1 in Dodging
  1281 | D:3      | Reached XP level 5. HP: 17/33 MP: 5/5
  1666 | D:3      | HP: 1/33 [gnoll/halberd (11)]
  1667 | D:3      | Slain by a leopard gecko

Skill      XL: |  1  2  3  4  5 |
---------------+----------------+-----
Long Blades    | 2 3 |  3.2
Armour         | 4 |  4.2
Shields        | 4 |  4.5
Dodging        | 1 |  1.2
Fighting       | |  3.9

Action                   |  1- 3 |  4- 6 || total
-------------------------+-------+-------++-------
Melee: Long sword        |   142 |   120 ||   262
  Eat: Chunk             |       |     3 ||     3
Armor: Scale mail        |   137 |   103 ||   240
Dodge: Dodged            |    89 |    57 ||   146
Block: Shield            |   129 |    96 ||   225
       Rpst.: Long sword |    31 |    15 ||    46
